 Dungeon Crawl Stone Soup version 0.24-a0-136-gad582e5 (webtiles) character file.

Game seed: 12298994200505727481

4424 robertstho the Cleaver (level 10, -16/86 HPs)
             Began as a Hill Orc Fighter on Mar 1, 2019.
             Was a Believer of Okawaru.
             Killed from afar by Erolcha (41 damage)
             ... with a crystal spear
             ... on level 9 of the Dungeon.
             The game lasted 00:14:29 (6666 turns).

robertstho the Cleaver (Hill Orc Fighter)           Turns: 6666, Time: 00:14:30

Health: -16/86     AC: 19    Str: 22    XL:     10   Next: 36%
Magic:  11/13      EV: 10    Int:  7    God:    Okawaru [**....]
Gold:   408        SH: 12    Dex: 11    Spells: 9/9 levels left

rFire    . . .     SeeInvis .   u - +2 hand axe (elec)
rCold    . . .     Gourm    .   c - +0 shield
rNeg     + . .     Faith    .   b - +0 chain mail
rPois    +         Spirit   .   (no helmet)
rElec    .         Reflect  .   y - +2 ratskin cloak {+Rats rPois rN+ Str-1 Int-1 Dex+1}
rCorr    .         Harm     .   C - +0 pair of gloves
MR       .....                  o - +0 pair of boots
Stlth    ..........             D - amulet of magic regeneration
HPRegen  0.24/turn              (no ring)
MPRegen  0.38/turn              (no ring)

@: heroism, marked, slowed, very slow
A: no striking features
a: Heroism, Renounce Religion, Evoke Ratskin


You were on level 9 of the Dungeon.
You worshipped Okawaru.
Okawaru was pleased with you.
You were hungry.

You visited 2 branches of the dungeon, and saw 10 of its levels.

You collected 408 gold pieces.

Inventory:

Hand Weapons
 a - a +0 war axe
 j - a +2 short sword of venom
 u - a +2 hand axe of electrocution (weapon)
Armour
 b - a +0 chain mail (worn)
 c - a +0 shield (worn)
 o - a +0 pair of boots (worn)
 y - the +2 ratskin cloak (worn) {+Rats rPois rN+ Str-1 Int-1 Dex+1}
   (You found it on level 6 of the Dungeon)

   It affects your strength (-1).
   It affects your intelligence (-1).
   It affects your dexterity (+1).
   It protects you from poison.
   It protects you from negative energy.
 C - a +0 pair of gloves (worn)
Jewellery
 D - an amulet of magic regeneration (around neck)
Wands
 A - a wand of digging (9)
 H - a wand of enslavement (8)
Scrolls
 h - 5 scrolls of teleportation
 i - 5 scrolls of remove curse
 k - 2 scrolls of magic mapping {unknown}
 m - a scroll of enchant armour {unknown}
 q - a scroll of noise {unknown}
 r - a scroll of fear {unknown}
 v - a scroll of random uselessness {unknown}
 x - a scroll of summoning {unknown}
 B - a scroll of immolation {unknown}
Potions
 d - 3 potions of might
 e - 3 potions of heal wounds
 g - a potion of berserk rage
 n - 2 potions of magic
 p - 4 potions of curing
 s - a potion of cancellation
 t - 3 potions of mutation
 w - a potion of flight
 z - 3 potions of brilliance
 G - 2 potions of ambrosia
 I - 2 potions of agility
Comestibles
 f - 18 rations
 F - 3 chunks of flesh


   Skills:
 + Level 7.1(12.1) Fighting
 + Level 0.6(5.6) Short Blades
 * Level 13.4(18.4) Axes
 * Level 7.9(12.9) Armour
 + Level 1.2(6.2) Dodging
 + Level 6.1(11.1) Shields
 * Level 4.2 Invocations


You had 9 spell levels left.
You didn't know any spells.
Your spell library was empty.

Dungeon Overview and Level Annotations

Branches:
Dungeon (9/15)             Temple (1/1) D:6
   Lair: D:8-11         Orc: D:9-12

Altars:
Fedhas
Gozag
Kikubaaqudgha
Nemelex Xobeh
Okawaru
Sif Muna
Trog
Uskayaw
Vehumet
Wu Jian
Yredelemnul
Zin
The Shining One

Shops:
D:4 =   D:5 }   D:6 [

Annotations:
D:4 ring/am shop
D:6 3 runed translucent doors, w00t's ghost, novice DsMo
D:9 Erolcha


Message History

You hit Erolcha. Lightning courses through Erolcha!
Erolcha is heavily wounded.
You hit the water moccasin.
Lightning courses through the water moccasin!
You block the water moccasin's attack.
You hit Erolcha. Lightning courses through Erolcha!
Erolcha is almost dead.
You hit the water moccasin.
Lightning courses through the water moccasin!
You kill the water moccasin!
Okawaru accepts your kill.
Your Invocations skill increases to level 4!
Erolcha casts a spell at you.
You feel yourself slow down.
You are feeling hungry.
You barely miss Erolcha.
Erolcha is almost dead.
Erolcha casts a spell at you. The crystal spear hits you!!!
You die...

.###+######
#...........# .#
#...........# .#
#...........# .#
#######....########
.##### #..........#
.'.>.##
#..........#
.#....#
#......$...#
.#....#
#..........#
.#....#
#......@...#
.######
#......O...# ....
...######'### .....
.... .. ..... ...
... ..... ..##
..... ..# ...


You could see Erolcha.

Vanquished Creatures
  Prince Ribbit (D:7)
  A hippogriff (D:9)
  Sigmund (D:5)
  4 yaks (D:9)
  A water moccasin (D:9)
  An orc warrior (D:6)
  2 ice beasts
  A sky beast (D:6)
  A necrophage (D:6)
  An ogre (D:6)
  3 phantoms
  4 centaurs
  Blork the orc (D:5)
  4 bullfrogs
  4 scorpions
  3 killer bees (D:6)
  A howler monkey (D:4)
  A centaur zombie (D:8)
  2 bullfrog zombies (D:6)
  A quasit (D:7)
  4 hounds
  A gnoll shaman (D:7)
  A bullfrog skeleton (D:4)
  A centaur skeleton (D:9)
  3 orc priests
  2 jellies
  An iguana (D:4)
  Natasha (twice) (D:3)
  6 orc wizards
  6 worker ants
  3 hell rats (D:6)
  A hound skeleton (D:4)
  A hound zombie (D:5)
  2 worker ant zombies
  14 adders
  3 gnolls (D:7)
  4 river rats (D:6)
  3 shadow imps
  An ooze (D:6)
  2 adder zombies (D:8)
  6 worms
  5 dart slugs
  6 leopard geckos
  28 orcs
  5 giant cockroaches
  8 goblins
  10 hobgoblins
  13 jackals
  3 kobolds
  7 quokkas
  3 ball pythons
  A ball python zombie (D:5)
  7 bats
  8 frilled lizards
  A jackal skeleton (D:5)
  A jackal zombie (D:8)
  2 quokka skeletons (D:8)
  2 quokka zombies (D:6)
  16 rats
231 creatures vanquished.

Notes
Turn   | Place    | Note
-------+----------+-------------------------------------------
     0 | D:1      | robertstho the Hill Orc Fighter began the quest for the
                  | Orb.
     0 | D:1      | Reached XP level 1. HP: 19/19 MP: 1/1
    88 | D:1      | Reached XP level 2. HP: 23/27 MP: 2/2
   197 | D:1      | Reached skill level 3 in Axes
   274 | D:1      | Reached XP level 3. HP: 27/33 MP: 3/3
   627 | D:2      | Reached XP level 4. HP: 16/40 MP: 4/4
  1314 | D:3      | Reached skill level 4 in Axes
  1646 | D:3      | Reached XP level 5. HP: 45/46 MP: 5/5
  1724 | D:3      | Noticed Natasha
  1729 | D:3      | Killed Natasha
  1820 | D:3      | Noticed Natasha
  1836 | D:3      | Killed Natasha
  1836 | D:3      | Reached skill level 5 in Axes
  1960 | D:3      | Reached XP level 6. HP: 43/52 MP: 6/6
  2066 | D:4      | Reached skill level 6 in Axes
  2159 | D:4      | Noticed a phantom
  2183 | D:4      | Killed a phantom
  2250 | D:4      | Reached skill level 7 in Axes
  2298 | D:4      | Reached XP level 7. HP: 30/60 MP: 7/7
  2395 | D:4      | Found Ywammess's Jewellery Boutique.
  2586 | D:5      | Entered Level 5 of the Dungeon
  2672 | D:5      | Reached skill level 8 in Axes
  2680 | D:5      | Reached skill level 5 in Armour
  2772 | D:5      | Noticed Blork the orc
  2787 | D:5      | Killed Blork the orc
  3025 | D:5      | Reached skill level 9 in Axes
  3025 | D:5      | Reached XP level 8. HP: 64/67 MP: 8/8
  3054 | D:5      | Reached skill level 1 in Dodging
  3086 | D:5      | Found Miwiosen's Gadget Shop.
  3096 | D:5      | Reached skill level 5 in Shields
  3221 | D:5      | Found a sparkling altar of Nemelex Xobeh.
  3225 | D:5      | Noticed Sigmund
  3240 | D:5      | Killed Sigmund
  3240 | D:5      | Reached skill level 5 in Fighting
  3240 | D:5      | Reached skill level 10 in Axes
  3495 | D:6      | Found the +2 ratskin cloak {+Rats rPois rN+ Str-1 Int-1
                  | Dex+1}
  3771 | D:6      | Found Huomeash's Armour Boutique.
  3803 | D:6      | Reached XP level 9. HP: 65/74 MP: 9/9
  3806 | D:6      | Reached skill level 11 in Axes
  3847 | D:6      | Found a staircase to the Ecumenical Temple.
  3899 | Temple   | Entered the Ecumenical Temple
  3911 | Temple   | Became a worshipper of Warmaster Okawaru
  3991 | D:6      | Found a runed translucent gate.
  3991 | D:6      | Found a runed translucent gate.
  3991 | D:6      | Found a runed translucent gate.
  4002 | D:6      | Found an opulent altar of Gozag.
  4114 | D:6      | Noticed w00t's ghost (novice DsMo)
  4295 | D:6      | Reached skill level 1 in Invocations
  4344 | D:6      | Reached * piety under Okawaru
  4349 | D:6      | Found a sparkling altar of Nemelex Xobeh.
  4606 | D:7      | Reached skill level 12 in Axes
  4902 | D:7      | Noticed Prince Ribbit
  4909 | D:7      | Killed Prince Ribbit
  5705 | D:8      | Reached ** piety under Okawaru
  5783 | D:8      | Found an ancient bone altar of Kikubaaqudgha.
  5924 | D:8      | Reached XP level 10. HP: 80/84 MP: 11/11
  6287 | D:9      | Reached skill level 13 in Axes
  6656 | D:9      | Noticed Erolcha
  6666 | D:9      | Killed from afar by Erolcha

Levels and vault maps discovered:
D:1:      dpeg_arrival_simpleton_a, layout_rooms
D:2:      layout_rooms, minmay_curled_crystal, minmay_circle_x
D:3:      layout_loops_cross, uniq_natasha
D:4:      layout_basic, serial_shops, kennysheep_mini
D:5:      layout_basic, serial_shops, nicolae_shop_competitors_out_of_business,
          first_ration, nemelex_xobeh_ov_fountains_minmay, uniq_blork_the_orc,
          uniq_sigmund
D:6:      wander_guarded_unrand_ratskin, layout_gridville,
          minmay_temple_entry_tees, ebering_ghost_gozag, serial_shops,
          kennysheep_little_box, nemelex_dance_club_becter
D:7:      layout_basic, uniq_prince_ribbit1
D:8:      layout_basic, lemuel_crystal_altar
D:9:      minmay_angry_zag, layout_gridville, uniq_erolcha
Temple:   compressed_dpeg_triangle_lava_temple

Skill      XL: |  1  2  3  4  5  6  7  8  9 10 |
---------------+-------------------------------+-----
Axes           | 3 4 5 7 9 10 12 13 | 13.4
Fighting       | 4 5 6 7 |  7.1
Armour         | 4 5 6 7 |  7.9
Shields        | 4 5 6 |  6.1
Dodging        | 1 |  1.2
Invocations    | 2 4 |  4.2
Short Blades   | |  0.6

Action                   |  1- 3 |  4- 6 |  7- 9 | 10-12 || total
-------------------------+-------+-------+-------+-------++-------
Melee: War axe           |    51 |   187 |    23 |       ||   261
       Short sword       |    51 |    11 |       |       ||    62
       Hand axe          |       |       |   368 |    77 ||   445
Invok: Heroism           |       |       |       |     1 ||     1
  Use: Potion            |       |     1 |       |       ||     1
       Scroll            |       |       |     9 |     5 ||    14
  Eat: Chunk             |       |     5 |    12 |     2 ||    19
Armor: Scale mail        |    53 |    15 |       |       ||    68
       Chain mail        |       |    91 |   127 |    18 ||   236
Dodge: Dodged            |    44 |    51 |    68 |     9 ||   172
Block: Shield            |    77 |   114 |   140 |    30 ||   361

Table legend:
 A = Non-vault XP
 B = Vault XP
 C = Vault XP percentage of total XP
 D = Non-vault monster count
 E = Vault monster count
 F = Vault count percentage of total count
                 A         B        C        D         E       F
            +---------+---------+-------+---------+---------+-------
      Total |    5131 |    1189 |  18.8 |     198 |      33 |  14.3
            +---------+---------+-------+---------+---------+-------
        D:1 |      44 |       0 |   0.0 |      21 |       0 |   0.0
        D:2 |      45 |      25 |  35.7 |      15 |       5 |  25.0
        D:3 |     171 |      35 |  17.0 |      30 |       1 |   3.2
        D:4 |     458 |       0 |   0.0 |      22 |       0 |   0.0
        D:5 |     718 |     304 |  29.7 |      23 |       2 |   8.0
        D:6 |    1312 |     298 |  18.5 |      30 |      23 |  43.4
        D:7 |     557 |     277 |  33.2 |      18 |       1 |   5.3
        D:8 |     534 |       0 |   0.0 |      22 |       0 |   0.0
        D:9 |    1292 |     250 |  16.2 |      17 |       1 |   5.6
            +---------+---------+-------+---------+---------+-------
